 Dungeon Crawl Stone Soup version 0.31-a0-152-g6aa68a64a1 (webtiles) character file.

Game seed: 15782582407685287758

154 Elmgren the Shooter (level 5, -12/33 HPs)
             Began as a Gargoyle Hunter on June 9, 2023.
             Killed by an exploding Pargi (34 damage)
             ... ignited by their inner flame
             ... in a sewer.
             The game lasted 00:10:04 (2089 turns).

Elmgren the Shooter (Gargoyle Hunter)               Turns: 2089, Time: 00:10:05

Health: -12/33     AC:  9    Str: 14    XL:     5   Next: 35%
Magic:  5/5        EV: 17    Int: 10    God:
Gold:   165        SH:  0    Dex: 15    Spells: 4/4 levels left

rFire   x . .        a - +0 shortbow
rCold   + . .        (shield currently unavailable)
rNeg    + . .        c - +0 leather armour
rPois   ∞            e - +0 helmet
rElec   +            b - +0 cloak
rCorr   .            (no gloves)
SInv    .            (no boots)
Will    .....        (no amulet)
Stlth   +            E - +5 ring of evasion
HPRegen 0.25/turn    C - ring of ice
MPRegen 0.09/turn

%: no passive effects
@: very slow
A: sickness immunity, AC +4, negative energy resistance 1, electricity
resistance, torment resistance 1, petrification resistance
a: no special abilities


You were in a sewer.
You visited 1 branch of the dungeon, and saw 3 of its levels.
You also visited: Sewer.

You collected 165 gold pieces.


Innate Abilities, Weirdness & Mutations

You are immune to sickness and miasma.
Your stone body is resilient. (AC +4)
You are immune to poison.
You resist negative energy. (rN+)
You are resistant to electric shocks. (rElec)
You are resistant to unholy torment.
You are immune to petrification.


   Skills:
 + Level 3.9 Fighting
 + Level 4.9 Ranged Weapons
 + Level 2.8 Dodging
 - Level 1.1 Stealth


You had 4 spell levels left.
You didn't know any spells.
Your spell library contained the following spells:

 Spells                   Type           Power      Damage    Failure   Level
 Blink                    Tloc           0%         N/A       58%         2
 Lesser Beckoning         Tloc           0%         N/A       58%         2
 Momentum Strike          Conj/Tloc      0%         3d8       58%         2
 Static Discharge         Conj/Air       0%         2-2/arc   58%         2
 Inner Flame              Hex/Fire       0%         N/A       82%         3
 Airstrike                Air            0%         2d(0-16)  99%         4
 Flame Wave               Conj/Fire      0%         2d4       99%         4
 Sticky Flame             Conj/Fire      0%         2d3       99%         4
 Summon Lightning Spire   Summ/Air       0%         N/A       99%         4

Inventory:

Hand Weapons
 a - a +0 shortbow (weapon)
Missiles
 n - 8 stones
 p - 3 boomerangs
 q - 4 poisoned darts
Armour
 b - a +0 cloak (worn)
   (You found it in a sewer)
 c - a +0 leather armour (worn)
 e - a +0 helmet (worn)
   (You found it on level 1 of the Dungeon)
 s - a +1 pair of boots
   (You found it on level 3 of the Dungeon)
Jewellery
 C - a ring of ice (right hand)
   (You took it off a hobgoblin on level 2 of the Dungeon)
 E - a +5 ring of evasion (left hand)
   (You found it on level 1 of the Dungeon)
Scrolls
 d - 4 scrolls of teleportation {@r4}
 g - a scroll of fog
 h - a scroll of magic mapping {!r}
 j - a scroll of poison
 m - 2 scrolls of identify {@r1}
Potions
 f - 2 potions of brilliance {unknown}
 i - a potion of might {unknown}
 k - 5 potions of curing {@q1}
 t - a potion of lignification {unknown}
 u - a potion of resistance {unknown}

Dungeon Overview and Level Annotations

Branches:
Dungeon (3/15) Zot: 16210   Sewer (1/1) Zot: 5597

Altars:
Hepliaklqana

##..~##
#.....#
##~~~..##
#...#~~.#
##.~###~.##
#...# #~..#
#~~## ##§§#
#.T# #°§#
#.~# #@§#
#.~## ##~~#
#..~# #~..#
##..###~.##
#...#~..#
##...~.##
#~..~~#
##.~~##
###~..###


There were no monsters in sight!


Message History

You enter the shallow water.
Moving in this stuff is going to be slow. 😨 HP[+1] Pargi attacks as you move away!
Pargi closely misses you. Pargi claws you but does no damage. x2
Pargi misses you. Pargi closely misses you.
Pargi claws you but does no damage. 😨 HP[+1] Pargi attacks as you move away!
Pargi closely misses you. Pargi barely misses you. Pargi completely misses you.
You enter the shallow water.
Moving in this stuff is going to be slow.
Pargi attacks as you move away! Pargi misses you. Pargi closely misses you.
Pargi claws you but does no damage. Pargi misses you.
Pargi closely misses you. x2 😨 HP[+1] Pargi misses you.
Pargi closely misses you. Pargi claws you but does no damage. Pargi bites you.
* * * LOW HITPOINT WARNING * * *
Pargi completely misses you. Pargi closely misses you. 😨 HP[-2]
You take 2 damage, and now have 12/33 hp.
You enter the shallow water.
Moving in this stuff is going to be slow.
Pargi attacks as you move away! Pargi bites you but does no damage.
Pargi misses you.
Pargi closely misses you. x2; Pargi completely misses you. x2 😨 HP[+1]
You enter the shallow water.
Moving in this stuff is going to be slow.
Pargi bites you but does no damage. Pargi claws you but does no damage.
Pargi closely misses you. 😨 HP[+1] It was a potion of haste.
You feel yourself speed up. Pargi misses you. Pargi closely misses you.
Pargi misses you.
You enter the shallow water.
Moving in this stuff is going to be slow.
Pargi attacks as you move away!
Pargi misses you. x2; Pargi barely misses you.
You enter the shallow water.
Moving in this stuff is going to be slow. 😨 HP[+1]
You enter the shallow water.
Moving in this stuff is going to be slow.
You enter the shallow water.
Moving in this stuff is going to be slow. 😨 HP[+1]
You enter the shallow water.
Moving in this stuff is going to be slow.
You enter the shallow water.
Moving in this stuff is going to be slow. 😮 HP[+1] 😮 HP[+1]
You enter the shallow water.
Moving in this stuff is going to be slow.
You enter the shallow water.
Moving in this stuff is going to be slow. 😮 HP[+1]
You enter the shallow water.
Moving in this stuff is going to be slow.
You enter the shallow water.
Moving in this stuff is going to be slow. 😮 HP[+1]
You enter the shallow water.
Moving in this stuff is going to be slow.
Your extra speed is starting to run out.
You enter the shallow water.
Moving in this stuff is going to be slow. 😮 HP[+1]
As you read the scroll labelled SUMIC VIOMOASOUS, it crumbles to dust.
It is a scroll of identify.
k - 5 potions of curing Unknown command.
As you read the scroll labelled TEEJICWUNTU, it crumbles to dust.
The creatures around you are filled with an inner flame!
It was a scroll of immolation.
Fire: a) +0 shortbow
Press: ? - help, Q - select action, (/) - cycle Shift-Dir - straight line, f/p - Pargi
Aim: Pargi (inner flame, 55% to hit)
You shoot an arrow. The arrow hits Pargi!
Flame seeps out of Pargi.
You feel yourself slow down.
Pargi is engulfed in blazing flames.
Flame seeps out of Pargi. 😮 HP[+1] Pargi attacks as you move away!
Pargi bites you but does no damage. Pargi closely misses you.
Pargi claws you but does no damage. Pargi completely misses you.
Pargi claws you but does no damage. Pargi misses you.
Fire: a) +0 shortbow
Press: ? - help, Q - select action, (/) - cycle Shift-Dir - straight line, f/p - Pargi
Aim: Pargi (heavily wounded, inner flame, 55% to hit)
You shoot an arrow. The arrow hits Pargi.
Flame seeps out of Pargi.
Pargi is engulfed in blazing flames.
Flame seeps out of Pargi.
Pargi bites you but does no damage. Pargi claws you but does no damage.
Pargi barely misses you.
Fire: a) +0 shortbow
Press: ? - help, Q - select action, (/) - cycle Shift-Dir - straight line, f/p - Pargi
Aim: Pargi (flame, almost dead, inner flame, 55% to hit)
You shoot an arrow. The arrow closely misses Pargi.
Pargi is engulfed in blazing flames.
You hear a splash.
The troll leather armour {Pargi} is intact enough to wear.
The fiery explosion engulfs you!! The fire burns you terribly!
Ouch! That really hurt!
You die...

Skill      XL: |  1  2  3 |
---------------+----------+-----
Dodging        | 2 |  2.8
Fighting       | 3 |  3.9
Ranged Weapons | |  4.9
Stealth        | |  1.1

Action                     |  1- 3 |  4- 6 || total
---------------------------+-------+-------++-------
   Fire: Shortbow          |   120 |   211 ||   331
    Use: Scroll            |       |     9 ||     9
         Potion            |       |     1 ||     1
 Armour: Leather armour    |    14 |    96 ||   110
  Dodge: Dodged            |    29 |   205 ||   234

Levels and vault maps discovered:
D:1:      tarquinn_simple_flora_water_e, layout_rooms
D:2:      layout_rooms, minmay_tripent
D:3:      layout_loops_ring, lemuel_tele_altar, cheibrodos_sewer_entry_bend
Sewer:    sewer_the_moccasin

Notes
Turn   | Place    | Note
-------+----------+-------------------------------------------
     0 | D:1      | Elmgren the Gargoyle Hunter began the quest for the Orb.
     0 | D:1      | Reached XP level 1. HP: 12/12 MP: 1/1
     0 | D:1      | magus.rc [v1.11.6]
   104 | D:1      | You add the spells Inner Flame, Sticky Flame and Flame Wave
                  | to your library.
   153 | D:1      | Reached XP level 2. HP: 18/18 MP: 2/2
   278 | D:1      | Reached skill level 2 in Dodging
   298 | D:1      | Reached XP level 3. HP: 22/22 MP: 3/3
   315 | D:1      | Reached skill level 3 in Fighting
   394 | D:1      | You add the spells Static Discharge, Airstrike and Summon
                  | Lightning Spire to your library.
   635 | D:2      | Reached XP level 4. HP: 28/28 MP: 4/4
  1254 | D:3      | Found a hazy altar of Hepliaklqana.
  1286 | D:3      | HP: 3/29 [something/puff of flame (15)]
  1290 | D:3      | Reached XP level 5. HP: 3/33 MP: 5/5
  1545 | D:3      | Found a glowing drain.
  1588 | D:3      | You add the spells Blink, Momentum Strike and Lesser
                  | Beckoning to your library.
  1727 | Sewer    | Entered a sewer
  1794 | Sewer    | Noticed Pargi
  1829 | Sewer    | HP: 7/33 [Pargi (2)]
  1996 | Sewer    | HP: 6/33 [Pargi (3)]
  1998 | Sewer    | HP: 2/33 [Pargi (1)]
  2023 | Sewer    | HP: 8/33 [Pargi (1)]
  2089 | Sewer    | Killed Pargi
  2089 | Sewer    | Killed by an exploding Pargi... ignited by their inner
                  | flame

Vanquished Creatures
  Pargi (Sewer)
  An orc wizard (D:3)
  A gnoll (D:1)
  2 adders (D:2)
  8 worms
  A dart slug (D:1)
  4 orcs (D:3)
  4 ball pythons
  5 endoplasms
  4 giant cockroaches
  5 goblins
  6 hobgoblins
  7 jackals
  A quokka (D:1)
  5 bats
  4 frilled lizards
  3 kobolds
  7 rats
69 creatures vanquished.

Table legend:
 A = Non-vault XP
 B = Vault XP
 C = Vault XP percentage of total XP
 D = Non-vault monster count
 E = Vault monster count
 F = Vault count percentage of total count
                 A         B        C        D         E       F
            +---------+---------+-------+---------+---------+-------
      Total |     194 |     160 |  45.2 |      61 |       8 |  11.6
            +---------+---------+-------+---------+---------+-------
        D:1 |      54 |       0 |   0.0 |      23 |       0 |   0.0
        D:2 |      83 |      10 |  10.8 |      26 |       2 |   7.1
        D:3 |      57 |      10 |  14.9 |      12 |       2 |  14.3
      Sewer |       0 |     140 | 100.0 |       0 |       4 | 100.0
            +---------+---------+-------+---------+---------+-------

Skill      XL: |  1  2  3 |
---------------+----------+-----
Dodging        | 2 |  2.8
Fighting       | 3 |  3.9
Ranged Weapons | |  4.9
Stealth        | |  1.1

Action                     |  1- 3 |  4- 6 || total
---------------------------+-------+-------++-------
   Fire: Shortbow          |   120 |   211 ||   331
    Use: Scroll            |       |     9 ||     9
         Potion            |       |     1 ||     1
 Armour: Leather armour    |    14 |    96 ||   110
  Dodge: Dodged            |    29 |   205 ||   234

Illustrated notes

Table legend:
 A = Kills in this place as a percentage of kills in the entire game.
 B = Kills by you in this place as a percentage of kills by you in the entire game.
 C = Kills by friends in this place as a percentage of kills by friends in the entire game.
 D = Other kills in this place as a percentage of other kills in the entire game.
 E = Experience gained in this place as a percentage of experience gained in the entire game.
 F = Experience gained in this place divided by the number of levels of this place that you have seen.
                   A       B       C       D       E      F
               +-------+-------+-------+-------+-------+----------------------
         Total | 100.0 | 100.0 |   N/A |   N/A | 100.0 |  88.5
       Dungeon |  94.2 |  94.2 |   N/A |   N/A |  60.5 |  71.3
         Sewer |   5.8 |   5.8 |   N/A |   N/A |  39.5 | 140.0
               +-------+-------+-------+-------+-------+----------------------

Table legend: (Time is in decaauts)
 A = Elapsed time spent in this place.
 B = Non-inter-level travel time spent in this place.
 C = Inter-level travel time spent in this place.
 D = Time resting spent in this place.
 E = Time spent auto-exploring this place.
 F = Levels seen in this place.
 G = Mean time per level.
                   A        B        C        D        E       F      G
               +--------+--------+--------+--------+--------+-----+--------+
         Total |   2190 |   2147 |     43 |    179 |   1194 |   4 |  547.5 |
       Dungeon |   1789 |   1746 |     43 |    112 |   1132 |   3 |  596.3 |
         Sewer |    401 |    401 |      0 |     67 |     62 |   1 |  401.0 |
               +--------+--------+--------+--------+--------+-----+--------+

Top non-repeatable levels by time:
     D:3: 633 daAuts
     D:1: 603 daAuts
     D:2: 552 daAuts
   Sewer: 401 daAuts
